 Dungeon Crawl Stone Soup version 0.14-a0-1499-g388a102 (webtiles) character file.

134 Khlestharos the Practitioner (level 3, -6/20 HPs)
             Began as a Kobold Healer on Dec 16, 2013.
             Was a Believer of Elyvilon.
             Killed from afar by runewalsh's ghost (7 damage)
             ... with a magic dart
             ... on Level 3 of the Dungeon.
             The game lasted 00:16:30 (1125 turns).

Khlestharos the Practitioner (Kobold Healer)        Turns: 1125, Time: 00:16:31

HP  -6/20        AC  4     Str 12      XL: 3   Next: 25%
MP   5/5         EV 15     Int 10      God: Elyvilon [**....]
Gold 107         SH  0     Dex 14      Spells:  0 memorised,  2 levels left

rFire  . . .     SeeInvis .     e - +2,+0 elf dagger
rCold  . . .     Clarity  .     a - +1 robe
rNeg   . . .     Conserve .     (no shield)
rPois  .         rCorr    .     (no helmet)
rElec  .         rRot     .     q - +0 elf cloak
SustAb . .       Spirit   .     (no gloves)
rMut   .         Warding  .     (no boots)
Saprov + + .     Stasis   .     (no amulet)
                                (no ring)
                                (no ring)

@: not resistant to hostile enchantments, fairly stealthy
A: disease resistance, carnivore 3, saprovore 2
a: Lesser Healing, Lesser Self-Healing, Divine Protection, Purification,
Renounce Religion


You were on level 3 of the Dungeon.
You worshipped Elyvilon.
Elyvilon was pleased with you.
You were not hungry.

You visited 1 branch of the dungeon, and saw 3 of its levels.

You collected 107 gold pieces.

Inventory:

Hand weapons
 e - a +2,+0 elven dagger (weapon)
Armour
 a - a +1 robe (worn)
 q - a +0 elven cloak (worn)
Comestibles
 d - 3 meat rations
Scrolls
 g - a scroll of magic mapping {unknown}
 h - a scroll of identify {unknown}
 i - a scroll of recharging {unknown}
 j - a scroll of random uselessness {unknown}
 l - a scroll of curse armour {unknown}
 o - a scroll of fear {unknown}
 p - a scroll of teleportation {unknown}
Potions
 b - 2 potions of curing
 c - 2 potions of heal wounds
 f - 2 potions of agility {unknown}
 k - a potion of experience {unknown}
 m - a potion of restore abilities {unknown}
 n - a potion of lignification {unknown}


   Skills:
 * Level 1.2 Fighting
 + Level 3.1 Dodging
 + Level 3.8 Invocations


You had 2 spell levels left.
You didn't know any spells.

Dungeon Overview and Level Annotations

Branches:
Dungeon (3/16)

Altars:

Annotations:
D:3 runewalsh's ghost, average OpWz


Innate Abilities, Weirdness & Mutations

You recuperate from illness quickly.
You are small and have problems with some larger weapons.
You are carnivorous and can eat meat at any time.
You can eat rotten meat.


Message History

Runewalsh's ghost hits you but does no damage.
Runewalsh's ghost misses you.
Runewalsh's ghost gestures at you while chanting.
The magic dart hits you!
* * * LOW HITPOINT WARNING * * *
Drink which item? (? for menu, Esc to quit)
You feel better.
Found an elven robe.
A jackal comes into view.
A giant mite comes into view.
Runewalsh's ghost casts a spell.
Runewalsh's ghost says very slowly, "There's no hope."
Runewalsh's ghost gestures at you while chanting.
The magic dart hits you!
Runewalsh's ghost gestures at you while chanting.
The magic dart hits you!
* * * LOW HITPOINT WARNING * * *
Runewalsh's ghost points at you and mumbles some strange words.
The magic dart hits you!
You die...

#.....# #.###.#
#.###.#####
#.#.......#
#.#.#..##.#####
#.#.#.........#
#.....###.###.#
###.#####.#
#.######
#.@.....#
#......#
#.#######
######.# #.# #
#.# #.# ... #.#
#.# ....# #.#
####p#### ....#
#.##
#.......#.....#
#...
#.##.##.#.....##
##..
#....##...s.....
#.#


You could see runewalsh's ghost.

Vanquished Creatures
  2 giant cockroaches
  A goblin (D:1)
  A hobgoblin (D:2)
  A quokka (D:2)
  A bat (D:1)
  6 jackals
  2 kobolds (D:1)
  3 rats
17 creatures vanquished.

Vanquished Creatures (others)
  A rat (D:2)
1 creature vanquished.

Grand Total: 18 creatures vanquished

Notes
Turn   | Place    | Note
--------------------------------------------------------------
     0 | D:1      | Khlestharos, the Kobold Healer, began the quest for the Orb.
     0 | D:1      | Reached XP level 1. HP: 12/12 MP: 2/2
   158 | D:1      | Reached XP level 2. HP: 9/16 MP: 4/4
   875 | D:2      | Reached XP level 3. HP: 20/20 MP: 5/5
  1067 | D:3      | Noticed runewalsh's ghost (average OpWz)
  1124 | D:3      | HP: 1/20 [runewalsh's ghost/magic dart (9)]
  1125 | D:3      | Killed from afar by runewalsh's ghost

Action                   || total
-------------------------++-------
Melee: Dagger            ||   130
Invok: Lesser Healing    ||    27
       Lesser Self-Heali ||     3
  Use: Potion            ||     1
 Stab: Sleeping          ||     1
